 Dungeon Crawl Stone Soup version 0.27.1-33-g824d729ab1 (webtiles) character file.

Game seed: 8491288805883757470

8064 MisterFreud the Basher (level 11, -15/94 HPs)
             Began as a Minotaur Abyssal Knight on Nov 28, 2021.
             Was a Priest of Lugonu.
             Demolished by a shadow (21 damage)
             ... on level 10 of the Dungeon.
             The game lasted 00:12:12 (8225 turns).

MisterFreud the Basher (Minotaur Abyssal Knight)    Turns: 8225, Time: 00:12:12

Health: -15/94     AC: 10    Str: 25    XL:     11   Next: 5%
Magic:  1/17       EV: 12    Int:  9    God:    Lugonu [***...]
Gold:   499        SH:  0    Dex: 11    Spells: 10/10 levels left

rFire    . . .     SeeInvis .   F - +0 whip (elec)
rCold    . . .     Faith    .   (no shield)
rNeg     . . .     Spirit   .   y - +0 chain mail
rPois    .         Reflect  .   (helmet restricted)
rElec    .         Harm     .   (no cloak)
rCorr    .         Rampage  .   (no gloves)
Will     .....                  (no boots)
Stlth    ..........             l - amulet of regeneration
HPRegen  1.25/turn              x - +4 ring of evasion
MPRegen  0.15/turn              v - +6 ring of strength

@: studying Maces & Flails
A: horns 2, retaliatory headbutt
a: Renounce Religion, Depart the Abyss, Bend Space, Banish


You were on level 10 of the Dungeon.
You worshipped Lugonu.
Lugonu was most pleased with you.
You visited 2 branches of the dungeon, and saw 11 of its levels.
You visited the Abyss 1 time.

You collected 499 gold pieces.

Inventory:

Hand Weapons
 F - a +0 whip of electrocution (weapon)
 J - a +1 flail of venom
 T - a +0 morningstar of protection
Missiles
 g - 69 poisoned darts (quivered)
 I - a throwing net
Armour
 b - a +0 leather armour
 i - a +0 ring mail
 y - a +0 chain mail (worn)
Jewellery
 l - an amulet of regeneration (around neck)
 n - a ring of positive energy
 v - a +6 ring of strength (right hand)
 x - a +4 ring of evasion (left hand)
 z - a ring of see invisible
 A - a ring of poison resistance
 C - an amulet of guardian spirit
 L - a +6 ring of dexterity
 Q - a +6 ring of dexterity
Wands
 E - a wand of iceblast (3)
 K - a wand of flame (18)
 O - a wand of polymorph (5)
Scrolls
 c - 2 scrolls of immolation
 d - 3 scrolls of magic mapping {unknown}
 e - a scroll of summoning
 f - a scroll of vulnerability {unknown}
 m - 6 scrolls of teleportation
 p - a scroll of fear {unknown}
 q - 9 scrolls of identify
 r - 2 scrolls of enchant weapon {unknown}
 t - a scroll of blinking {unknown}
 u - a scroll of enchant armour {unknown}
 H - 2 scrolls of holy word {unknown}
 R - a scroll of fog {unknown}
 S - a scroll of amnesia {unknown}
Potions
 h - 5 potions of curing
 j - 3 potions of heal wounds
 k - a potion of degeneration {unknown}
 o - a potion of berserk rage {unknown}
 s - 2 potions of brilliance {unknown}
 w - a potion of might {unknown}
 B - a potion of resistance {unknown}
 D - a potion of ambrosia {unknown}
 G - a potion of cancellation {unknown}
 N - 2 potions of lignification {unknown}
 P - a potion of flight {unknown}


   Skills:
 - Level 8.0 Fighting
 - Level 2.4 Long Blades
 - Level 14.0 Maces & Flails
 + Level 6.7 Armour
 - Level 1.1 Dodging
 - Level 10.0 Invocations


You had 10 spell levels left.
You didn't know any spells.
Your spell library contained the following spells:

 Spells                   Type           Power      Damage    Failure   Level
 Sting                    Tmut/Pois      0%         1d3       93%         1
 Poisonous Vapours        Pois/Air       0%         N/A       98%         2
 Olgreb's Toxic Radiance  Pois           0%         N/A       100%        4
 Fireball                 Conj/Fire      0%         3d3       100%        5
 Iskenderun's Battlesphe  Conj           0%         2d6       100%        5
 Conjure Ball Lightning   Conj/Air       0%         3x3d6     100%        6
 Orb of Destruction       Conj           0%         N/A       100%        7


Dungeon Overview and Level Annotations

Branches:
Dungeon (10/15)            Temple (1/1) D:6            Lair (0/6) D:8
    Orc: D:9-12

Altars:
Cheibriados
Dithmenos
Elyvilon
Gozag
Nemelex Xobeh
Okawaru
Qazlal
Ru
Sif Muna
Uskayaw
Wu Jian
Xom
Yredelemnul
The Shining One

Shops:
D:7 [


Innate Abilities, Weirdness & Mutations

You have a pair of horns on your head.
You reflexively headbutt those who attack you in melee.


Message History

You kill the kobold brigand!
Lugonu accepts your kill. The fire dragon barely misses you.
You furiously retaliate!
You headbutt the fire dragon. The fire dragon closely misses you.
The fire dragon tramples you.
You stumble backwards!
Press: ? - help, Shift-Dir - straight line, f - fire dragon
Aim: a fire dragon (lightly wounded, chance to affect: 58%)
The fire dragon resists with significant effort.
The fire dragon bites you! The fire dragon claws you!
The fire dragon tramples you.
You stumble backwards!
Press: ? - help, Shift-Dir - straight line, f/p - fire dragon
Aim: a fire dragon (chance to affect: 58%)
The fire dragon resists with significant effort.
The fire dragon bites you!
* * * LOW HITPOINT WARNING * * *
The fire dragon claws you.
* * * LOW HITPOINT WARNING * * *
The fire dragon closely misses you.
Press: ? - help, Shift-Dir - straight line, f/p - fire dragon
Aim: a fire dragon (chance to affect: 58%)
The fire dragon resists with significant effort.
The fire dragon bites you.
* * * LOW HITPOINT WARNING * * *
The fire dragon closely misses you.
The fire dragon tramples you but does no damage.
As you read the scroll labelled HYGOZXO BIAST, it crumbles to dust.
The creatures around you are filled with an inner flame!
It was a scroll of immolation.
The fire dragon breathes flames at you. The blast of flame hits you.
* * * LOW HITPOINT WARNING * * *
You hear a roar!
The fire dragon breathes flames at you. The blast of flame hits you!
* * * LOW HITPOINT WARNING * * *
As you read the scroll labelled WACEUS ZUACS, it crumbles to dust.
It is a scroll of identify.
m - 6 scrolls of teleportation The shadow strikes at you from the darkness!
You die...

#....# #########....#
#............# #............#
############# #............#
#...........#
#..######....###...........#####
##..# #.......................
....# #.......................
....# #......@......††........
....# #..####D{...####.......#
....######..#..##Z..##.$#.......#
............#...##.##...#.......#
#####.......##...#)#{..##.......#
....#........##.'#.#)h##........#
....#.........###.(.###.........#
....#.............8.............#
....#.........###...###.........#


You could see a fire dragon (inner flame) and a centaur zombie (inner flame).

Vanquished Creatures
  Harold (D:7)
  A two-headed ogre (D:8)
  Joseph (D:8)
  Maggie (D:9)
  A gargoyle (D:8)
  A kobold demonologist (D:5)
  A komodo dragon (D:10)
  A troll (D:10)
  Grinder (D:6)
  A shadow (D:10)
  A wraith (D:10)
  2 wyverns
  5 yaks (D:10)
  A steam dragon (D:7)
  A water moccasin (D:7)
  An orc warrior (D:10)
  Duvessa (D:7)
  A necrophage (D:7)
  4 ice beasts
  4 centaurs
  Blork the orc (D:6)
  2 kobold brigands
  3 bullfrogs
  A gnoll sergeant (D:10)
  Dowan (D:7)
  2 scorpions (D:5)
  4 wights (D:9)
  4 howler monkeys
  A bullfrog zombie (D:5)
  5 hounds
  A jelly (D:6)
  8 orc priests
  Jessica (D:2)
  A centaur skeleton (D:6)
  An iguana (D:6)
  2 orc wizards
  A killer bee zombie (D:5)
  2 howler monkey zombies
  5 gnolls (D:10)
  3 adders
  2 shadow imps (D:5)
  A white imp (D:8)
  2 worms
  5 dart slugs
  20 orcs
  9 endoplasms
  4 giant cockroaches
  10 goblins
  7 hobgoblins
  2 jackals (D:2)
  13 kobolds
  4 quokkas
  4 ball pythons (D:1)
  2 bats
  2 frilled lizards
  4 rats
171 creatures vanquished.

Vanquished Creatures (others)
  A shadow (D:10)
  A demonic plant (D:1)
2 creatures vanquished.

Grand Total: 173 creatures vanquished

Notes
Turn   | Place    | Note
-------+----------+-------------------------------------------
     0 | Abyss:1  | MisterFreud the Minotaur Abyssal Knight began the quest for
                  | the Orb.
     0 | Abyss:1  | Reached XP level 1. HP: 19/19 MP: 1/1
    40 | Abyss:1  | Noticed a small abomination
    41 | D:1      | Escaped the Abyss
   182 | D:1      | Found a faded altar of an unknown god.
   316 | D:1      | Reached XP level 2. HP: 22/28 MP: 2/2
   757 | D:1      | Reached * piety under Lugonu
   758 | D:1      | Reached skill level 5 in Fighting
  1157 | D:1      | Reached XP level 3. HP: 32/36 MP: 3/3
  1463 | D:2      | Noticed Jessica
  1741 | D:2      | Killed Jessica
  1742 | D:2      | Reached XP level 4. HP: 29/44 MP: 4/4
  2014 | D:2      | Found an ornate altar of the Wu Jian Council.
  2717 | D:3      | Noticed a bullfrog
  2727 | D:3      | Killed a bullfrog
  2728 | D:3      | Reached XP level 5. HP: 34/52 MP: 5/5
  2963 | D:4      | Reached XP level 6. HP: 52/61 MP: 6/6
  3068 | D:4      | Reached ** piety under Lugonu
  3332 | D:4      | Reached skill level 5 in Armour
  3830 | D:5      | Entered Level 5 of the Dungeon
  3937 | D:5      | Reached XP level 7. HP: 68/68 MP: 7/7
  3994 | D:5      | Found a transporter.
  3995 | D:5      | Noticed a kobold demonologist
  4006 | D:5      | Found a transporter.
  4254 | D:5      | Found a sacrificial altar of Ru.
  4261 | D:5      | Found a hide-covered altar of Uskayaw.
  4261 | D:5      | Found a snail-covered altar of Cheibriados.
  4274 | D:5      | Found a white marble altar of Elyvilon.
  4277 | D:5      | Found a shadowy altar of Dithmenos.
  4422 | D:5      | Noticed a smoke demon
  4431 | D:5      | Killed a kobold demonologist
  4432 | D:5      | Reached skill level 5 in Invocations
  4496 | D:6      | Reached XP level 8. HP: 74/74 MP: 11/11
  4501 | D:6      | Noticed Blork the orc
  4511 | D:6      | Killed Blork the orc
  4525 | D:6      | Found a staircase to the Ecumenical Temple.
  4569 | D:6      | Reached skill level 1 in Maces & Flails
  4771 | D:6      | Reached skill level 3 in Maces & Flails
  4967 | D:6      | Noticed Grinder
  4977 | D:6      | Killed Grinder
  4978 | D:6      | Reached skill level 5 in Maces & Flails
  5089 | D:6      | Reached skill level 6 in Maces & Flails
  5487 | Temple   | Entered the Ecumenical Temple
  5544 | D:7      | Reached skill level 7 in Maces & Flails
  5554 | D:7      | Found a stormy altar of Qazlal.
  5561 | D:7      | Found a shimmering altar of Xom.
  5574 | D:7      | Noticed Harold
  5598 | D:7      | Killed Harold
  5599 | D:7      | Reached skill level 9 in Maces & Flails
  5599 | D:7      | Reached XP level 9. HP: 24/81 MP: 12/12
  5673 | D:7      | Reached *** piety under Lugonu
  5674 | D:7      | Reached skill level 10 in Maces & Flails
  5905 | D:7      | Noticed Dowan
  5905 | D:7      | Noticed Duvessa
  5911 | D:7      | Killed Duvessa
  5915 | D:7      | Killed Dowan
  5998 | D:7      | Found Biasem's Antique Armour Emporium.
  6222 | D:7      | Found a basalt altar of Yredelemnul.
  6224 | D:7      | Noticed a profane servitor
  6233 | D:7      | Found a glowing golden altar of the Shining One.
  6379 | D:7      | Noticed an angel
  6394 | D:8      | Noticed Joseph
  6449 | D:7      | Reached skill level 11 in Maces & Flails
  6478 | D:8      | Killed Joseph
  6533 | D:8      | Found a shimmering blue altar of Sif Muna.
  6560 | D:8      | Reached skill level 12 in Maces & Flails
  6729 | D:8      | Noticed a gargoyle
  6747 | D:8      | Killed a gargoyle
  6748 | D:8      | Reached XP level 10. HP: 51/88 MP: 13/13
  6887 | D:8      | Found a staircase to the Lair.
  6925 | D:8      | Noticed a two-headed ogre
  6935 | D:8      | Killed a two-headed ogre
  6936 | D:8      | Reached skill level 13 in Maces & Flails
  7242 | D:9      | Reached skill level 14 in Maces & Flails
  7327 | D:9      | Found an iron altar of Okawaru.
  7636 | D:9      | Noticed Maggie
  7652 | D:9      | Killed Maggie
  7732 | D:9      | Found a sparkling altar of Nemelex Xobeh.
  7732 | D:9      | Found an opulent altar of Gozag.
  7852 | D:10     | Entered Level 10 of the Dungeon
  8192 | D:10     | Noticed a two-headed ogre
  8201 | D:10     | Noticed a fire dragon
  8202 | D:10     | Banished a two-headed ogre
  8206 | D:10     | Reached skill level 10 in Invocations
  8210 | D:10     | Reached XP level 11. HP: 94/94 MP: 11/17
  8225 | D:10     | Demolished by a shadow

Illustrated notes

Levels and vault maps discovered:
D:1:      lightli_arrival_windingriver, layout_basic,
          shapermc_ecumenical_altar_gd, kennysheep_nondescript
D:2:      layout_basic, basic_altar, uniq_jessica
D:3:      layout_rooms
D:4:      layout_cave_pods, minmay_close_crescents
D:5:      gammafunk_wand_slinger, layout_cave_pools,
          minmay_overflow_temple_star_hex
D:6:      layout_loops_corners, minmay_temple_entry_wispy,
          gup_sewer_entry_spiral, uniq_grinder, uniq_blork_the_orc
D:7:      layout_layer_cave, grunt_temple_overflow_holy_war,
          mainiacjoe_overflow_large_starburst, serial_shops,
          nicolae_shop_window_shopping, uniq_duvessa, uniq_harold
D:8:      layout_layer_cave, mainiacjoe_overflow_catwalk, lair_entry_dummy,
          minmay_manual_mares, uniq_joseph
D:9:      layout_rooms, grunt_temple_overflow_opulence, amcnicky_altar_gilded,
          minivault_11, uniq_maggie
D:10:     cheibrodos_barr_body, layout_irregular_city, zombieorc1_lemuel,
          serial_shops, shop, bh_walls_and_bars
Temple:   pf_slime_end_temple

Skill      XL: |  1  2  3  4  5  6  7  8  9 10 |
---------------+-------------------------------+-----
Fighting       | 4 5 6 7 8 |  8.0
Armour         | 3 5 6 |  6.7
Invocations    | 5 6 10 | 10.0
Maces & Flails | 9 12 14 | 14.0
Long Blades    | |  2.4
Dodging        | |  1.1

Action                   |  1- 3 |  4- 6 |  7- 9 | 10-12 || total
-------------------------+-------+-------+-------+-------++-------
Melee: Falchion          |    63 |   146 |    28 |       ||   237
       Headbutt          |     9 |    25 |    41 |    30 ||   105
       Whip              |       |       |   176 |   143 ||   319
Throw: Dart              |       |       |    17 |     9 ||    26
Invok: Depart the Abyss  |     1 |       |       |       ||     1
       Banish            |       |       |       |     4 ||     4
Evoke: Wand              |       |       |     5 |     2 ||     7
  Use: Potion            |       |       |     1 |       ||     1
       Scroll            |       |       |       |     2 ||     2
Armor: Leather armour    |     8 |       |       |       ||     8
       Ring mail         |     5 |    75 |       |       ||    80
       Chain mail        |       |     3 |    75 |    22 ||   100
Dodge: Dodged            |    38 |    88 |   106 |    65 ||   297
       Rpst.: Falchion   |    10 |    20 |     3 |       ||    33
